 Dungeon Crawl Stone Soup version 0.26-a0-651-gb41185065b (webtiles) character file.

Game seed: 4904842153524326847

8 ecole the Skirmisher (level 2, 0/27 HPs)
             Began as a Minotaur Abyssal Knight on Oct 16, 2020.
             Was a Follower of Lugonu.
             Slain by a starcursed mass (5 damage)
             ... on level 1 of the Abyss.
             The game lasted 00:03:10 (127 turns).

ecole the Skirmisher (Minotaur Abyssal Knight)       Turns: 127, Time: 00:03:11

Health: 0/27       AC:  3    Str: 16    XL:     2   Next: 0%
Magic:  2/2        EV: 11    Int:  9    God:    Lugonu [*.....]
Gold:   0          SH:  0    Dex:  9    Spells: 1/1 levels left

rFire    . . .     SeeInvis .   a - +1 mace
rCold    . . .     Faith    .   (no shield)
rNeg     . . .     Spirit   .   b - +0 leather armour
rPois    .         Reflect  .   (helmet restricted)
rElec    .         Harm     .   (no cloak)
rCorr    .         Rampage  .   (no gloves)
MR       .....                  (no boots)
Stlth    +.........             (no amulet)
HPRegen  0.09/turn              (no ring)
MPRegen  0.08/turn              (no ring)

@: no status effects
A: retaliatory headbutt, horns 2
a: Depart the Abyss, Renounce Religion


You were on level 1 of the Abyss.
You worshipped Lugonu.
Lugonu was aware of your devotion.
You visited 0 branches of the dungeon, and saw 0 of its levels.
You visited the Abyss 1 time.

Inventory:

Hand Weapons
 a - a +1 mace (weapon)
Armour
 b - a +0 leather armour (worn)


   Skills:
 + Level 4.0 Fighting
 + Level 2.6 Maces & Flails
 + Level 2.5 Armour
 + Level 1.1 Dodging
 + Level 1.8 Invocations


You had one spell level left.
You didn't know any spells.
Your spell library was empty.

Dungeon Overview and Level Annotations

Branches:
Dungeon (0/15)

Altars:


Innate Abilities, Weirdness & Mutations

You reflexively headbutt those who attack you in melee.
You have a pair of horns on your head.


Message History

A starcursed mass comes into view.
A starcursed mass splits.
A starcursed mass splits.
A starcursed mass splits.
A chorus of shrieks assaults your mind.
A starcursed mass splits.
A starcursed mass splits.
A starcursed mass splits.
The starcursed mass engulfs you but does no damage.
The starcursed mass barely misses you. You furiously retaliate!
You headbutt the starcursed mass.
The starcursed mass shudders and is absorbed by its neighbour.
A starcursed mass splits.
A deafening chorus of shrieks assaults your mind!
* * * LOW HITPOINT WARNING * * *
You suddenly lose the ability to move!
A starcursed mass splits.
You can move again.
A starcursed mass splits.
A starcursed mass splits.
The starcursed mass engulfs you.
You die...

#.. ##.## ♣ ≈ ≈# .
###..###.#..##≈≈≈≈≈≈
#...#X#...# #..#.#≈
##..# ..X.## ### #. .
#.#.###XX##.##..# ..
#..
#..#.X.XX.XX.......
....###.XXX##..##XX..
..
#...#X#..#..#...###..
...#..@.##...... ## .
. #...##....#.#. .#
#..##.#..###.# # .
...## #.... ### ..#
.#.## . #. .. #.


You could see 9 starcursed masses and a large abomination.

Vanquished Creatures
  A shadow imp (Abyss:1)
1 creature vanquished.

Notes
Turn   | Place    | Note
-------+----------+-------------------------------------------
     0 | Abyss:1  | ecole the Minotaur Abyssal Knight began the quest for the
                  | Orb.
     0 | Abyss:1  | Reached XP level 1. HP: 19/19 MP: 1/1
    90 | Abyss:1  | Reached skill level 4 in Fighting
    90 | Abyss:1  | Reached XP level 2. HP: 21/27 MP: 2/2
   100 | Abyss:1  | Noticed a large abomination
   110 | Abyss:1  | Noticed a starcursed mass
   117 | Abyss:1  | Noticed a starcursed mass
   125 | Abyss:1  | Paralysed by accursed screaming for 1 turns
   127 | Abyss:1  | Slain by a starcursed mass

Illustrated notes

Levels and vault maps discovered:
Abyss:1:  gammafunk_corrupted_shrine, minivault_23, evilmike_abyss_exit_10,
          evilmike_abyss_exit_10

Skill      XL: |  1 |
---------------+----+-----
Fighting       | 4 |  4.0
Maces & Flails | |  2.6
Armour         | |  2.5
Dodging        | |  1.1
Invocations    | |  1.8

Action                   || total
-------------------------++-------
Melee: Mace              ||     3
Armor: Leather armour    ||     2
Dodge: Dodged            ||     3

Table legend: (Time is in decaauts)
 A = Elapsed time spent in this place.
 B = Non-inter-level travel time spent in this place.
 C = Inter-level travel time spent in this place.
 D = Time resting spent in this place.
 E = Time spent auto-exploring this place.
 F = Levels seen in this place.
 G = Mean time per level.
                   A        B        C        D        E       F      G
               +--------+--------+--------+--------+--------+-----+--------+
         Total |    128 |    128 |      0 |      0 |      0 |   1 |  128.0 |
         Abyss |    128 |    128 |      0 |      0 |      0 |   1 |  128.0 |
               +--------+--------+--------+--------+--------+-----+--------+

Top non-repeatable levels by time:
 Abyss:1: 128 daAuts
